 Dungeon Crawl Stone Soup version 0.30-a0-591-g3c58d2bc28 (webtiles) character file.

Game seed: 9520804730976599493

107 Crownlay the Charlatan (level 4, -3/34 HPs)
             Began as a Gnoll Wanderer on Jan 5, 2023.
             Was an Initiate of Cheibriados.
             Slain by an orc priest
             ... wielding a +4 flail
              (9 damage)
             ... on level 2 of the Dungeon.
             The game lasted 00:03:16 (1790 turns).

Crownlay the Charlatan (Gnoll Wanderer)             Turns: 1790, Time: 00:03:17

Health: -3/34      AC:  6    Str: 28    XL:     4   Next: 86%
Magic:  8/8        EV: 11    Int: 13    God:    Cheibriados [......]
Gold:   76         SH:  3    Dex: 10    Spells: 8/9 levels left

rFire   . . .      SeeInvis .    f - +0 spear
rCold   . . .      Faith    .    p - +0 buckler
rNeg    . . .      Spirit   .    b - +0 ring mail
rPois   .          Reflect  .    (no helmet)
rElec   .          Harm     .    (no cloak)
rCorr   .          Rampage  .    r - +0 pair of gloves
Will    .....                    (no boots)
Stlth   +                        (no amulet)
HPRegen 0.25/turn                i - +6 ring of strength
MPRegen 0.11/turn                n - +6 ring of strength

@: very slow
A: fangs 1, strong nose, distributed training
a: Renounce Religion


You were on level 2 of the Dungeon.
You worshipped Cheibriados.
Cheibriados was noncommittal.
You visited 1 branch of the dungeon, and saw 3 of its levels.

You collected 76 gold pieces.

Inventory:

Hand Weapons
 f - a +0 spear (weapon)
Armour
 b - a +0 ring mail (worn)
 p - a +0 buckler (worn)
 r - a +0 pair of gloves (worn)
Jewellery
 i - a +6 ring of strength (left hand)
 n - a +6 ring of strength (right hand)
Wands
 d - a wand of mindburst (9)
Scrolls
 a - 2 scrolls of teleportation {unknown}
 e - 3 scrolls of identify {unknown}
 g - 3 scrolls of magic mapping {unknown}
 j - a scroll of poison {unknown}
 o - a scroll of torment {unknown}
 q - a scroll of summoning {unknown}
 s - a scroll of noise {unknown}
Potions
 c - a potion of attraction
 h - a potion of flight {unknown}
 k - a potion of mutation {unknown}
 l - a potion of magic {unknown}
 m - 2 potions of curing {unknown}


   Skills:
 + Level 2.8 Fighting
 + Level 1.3 Short Blades
 + Level 1.3 Long Blades
 + Level 1.3 Axes
 + Level 1.3 Maces & Flails
 + Level 1.3 Polearms
 + Level 1.3 Staves
 + Level 1.3 Ranged Weapons
 + Level 1.3 Throwing
 + Level 2.8 Armour
 + Level 2.8 Dodging
 + Level 1.3 Stealth
 + Level 1.3 Shields
 + Level 1.3 Unarmed Combat
 + Level 3.1 Spellcasting
 + Level 1.0 Conjurations
 + Level 5.5 Hexes
 + Level 1.0 Summonings
 + Level 1.0 Necromancy
 + Level 1.0 Translocations
 + Level 1.0 Transmutations
 + Level 1.0 Fire Magic
 + Level 1.0 Ice Magic
 + Level 1.0 Air Magic
 + Level 1.0 Earth Magic
 + Level 1.0 Poison Magic
 + Level 1.4 Invocations
 + Level 6.6 Evocations


You had 8 spell levels left.
You knew the following spells:

 Your Spells              Type           Power      Damage    Failure   Level
a - Slow                  Hex            64%        N/A       4%          1

Your spell library contained the following spells:

 Spells                   Type           Power      Damage    Failure   Level
 Sandblast                Erth           8%         2d5       28%         1
 Sting                    Tmut/Pois      16%        1d3       28%         1
 Portal Projectile        Hex/Tloc       20%        N/A       34%         3
 Passwall                 Tmut/Erth      3%         N/A       41%         2
 Poisonous Vapours        Pois/Air       8%         N/A       41%         2
 Stone Arrow              Conj/Erth      8%         3d7       65%         3
 Olgreb's Toxic Radiance  Pois           4%         N/A       96%         4


Dungeon Overview and Level Annotations

Branches:
Dungeon (3/15)

Altars:
Cheibriados
Fedhas


Innate Abilities, Weirdness & Mutations

You have very sharp teeth.
Your uncanny sense of smell can sniff out nearby items.
Your experience applies equally to all skills.


Message History

Done exploring.
Okay, then.
(D) Dungeon
Where to? (Enter - D:2, ? - help)
You see here a +0 robe.
There is a stone staircase leading down here.
You climb downwards.
Found a glowing purple potion and a red potion.
Found a blossoming altar of Fedhas.
Found a stone staircase leading down.
There is a stone staircase leading up here.
An orc priest comes into view.
It is wielding a +4 flail and wearing a +1 ring mail of fire resistance.
The orc priest shouts!
There is a stone staircase leading up here.
The orc priest resists with some effort.
The orc priest mumbles some strange prayers to Beogh against you.
Pain shoots through your body!
An orc wizard comes into view. It is wielding a +0 dagger.
Okay, then.
The orc wizard shouts!
An orc comes into view. It is wielding a +0 club.
The orc shouts!
You block the orc priest's attack.
You climb upwards.
There is a stone staircase leading down here.
You hit the orc priest but do no damage.
The orc priest invokes the aid of Beogh against you.
Beogh smites you!
* * * LOW HITPOINT WARNING * * *
You are too injured to fight recklessly!
You hit the orc priest but do no damage.
The orc priest begins to cast a cantrip, but forgets the words!
You hit the orc priest.
The orc priest is moderately wounded.
You block the orc priest's attack.
The orc priest hits you with a +4 flail.
* * * LOW HITPOINT WARNING * * *
You closely miss the orc priest. You bite the orc priest.
The orc priest is moderately wounded.
The orc priest hits you with a +4 flail!
You die...

#.###########..#
####.###... #.# #####....#
#.# #### #.# #........#
#.# #.# #.###.#.## #.#
#.#####.##>...# #.#
#.............#
########.##
#######.##...##
#.....(...#
####.###.#######.######..#
####............@...# #..#
### (##............o....#
#..###..
.....###..#.######.##
#..##... .##### #..#<# #.#
#.....#. ## #.)#.# #.#
###....##. #### #..#.# #.#
#.......## ...#
##.#.######.# ###........#
##.# ###.#........#
#......<..##
#.####...#..###.#.#
#........##.


You could see an orc priest.

Vanquished Creatures
  4 adders (D:2)
  3 worms (D:2)
  2 dart slugs
  6 bats
  6 endoplasms
  3 giant cockroaches
  5 goblins
  5 hobgoblins
  6 quokkas
  5 ball pythons
  7 frilled lizards
  3 kobolds (D:1)
  3 rats
58 creatures vanquished.

Notes
Turn   | Place    | Note
-------+----------+-------------------------------------------
     0 | D:1      | Crownlay the Gnoll Wanderer began the quest for the Orb.
     0 | D:1      | Crownlay set off with the following items: a +0 club, a +0
                  | ring mail, a potion of attraction, a wand of mindburst (9);
                  | and the following spell memorised: Slow; and the following
                  | spells available to memorise: Portal Projectile.
     0 | D:1      | Reached XP level 1. HP: 17/17 MP: 4/4
    83 | D:1      | Reached XP level 2. HP: 21/21 MP: 5/5
   570 | D:1      | Reached XP level 3. HP: 28/28 MP: 7/7
   671 | D:1      | Reached skill level 1 in Invocations
   886 | D:2      | Reached skill level 1 in Short Blades
   886 | D:2      | Reached skill level 1 in Long Blades
   886 | D:2      | Reached skill level 1 in Axes
   886 | D:2      | Reached skill level 1 in Maces & Flails
   886 | D:2      | Reached skill level 1 in Polearms
   886 | D:2      | Reached skill level 1 in Staves
   886 | D:2      | Reached skill level 1 in Ranged Weapons
   886 | D:2      | Reached skill level 1 in Throwing
   886 | D:2      | Reached skill level 1 in Stealth
   886 | D:2      | Reached skill level 1 in Shields
   886 | D:2      | Reached skill level 1 in Unarmed Combat
   907 | D:2      | Found a faded altar of an unknown god.
   984 | D:2      | Found a snail-covered altar of Cheibriados.
   999 | D:2      | Became a worshipper of Cheibriados the Contemplative
  1012 | D:2      | Reached XP level 4. HP: 31/34 MP: 8/8
  1338 | D:2      | Reached skill level 1 in Conjurations
  1338 | D:2      | Reached skill level 1 in Summonings
  1338 | D:2      | Reached skill level 1 in Necromancy
  1338 | D:2      | Reached skill level 1 in Translocations
  1338 | D:2      | Reached skill level 1 in Transmutations
  1338 | D:2      | Reached skill level 1 in Fire Magic
  1338 | D:2      | Reached skill level 1 in Ice Magic
  1338 | D:2      | Reached skill level 1 in Air Magic
  1338 | D:2      | Reached skill level 1 in Earth Magic
  1338 | D:2      | Reached skill level 1 in Poison Magic
  1776 | D:3      | Found a blossoming altar of Fedhas.
  1790 | D:2      | Slain by an orc priest

Illustrated notes

Levels and vault maps discovered:
D:1:      scummos_arrival_star, layout_loops_ring, minmay_domino_2
D:2:      layout_loops_ring, basic_altar, basic_ecumenical_altar, minmay_between
D:3:      layout_rooms, lemuel_crystal_altar, nicolae_shop_vocational,
          uniq_sigmund

Skill      XL: |  1  2  3  4 |
---------------+-------------+-----
Invocations    | 1 |  1.4
Short Blades   | 1 |  1.3
Long Blades    | 1 |  1.3
Axes           | 1 |  1.3
Maces & Flails | 1 |  1.3
Polearms       | 1 |  1.3
Staves         | 1 |  1.3
Ranged Weapons | 1 |  1.3
Throwing       | 1 |  1.3
Stealth        | 1 |  1.3
Shields        | 1 |  1.3
Unarmed Combat | 1 |  1.3
Spellcasting   | 3 |  3.1
Conjurations   | 1 |  1.0
Summonings     | 1 |  1.0
Necromancy     | 1 |  1.0
Translocations | 1 |  1.0
Transmutations | 1 |  1.0
Fire Magic     | 1 |  1.0
Ice Magic      | 1 |  1.0
Air Magic      | 1 |  1.0
Earth Magic    | 1 |  1.0
Poison Magic   | 1 |  1.0
Fighting       | |  2.8
Armour         | |  2.8
Dodging        | |  2.8
Hexes          | |  5.5
Evocations     | |  6.6

Action                   |  1- 3 |  4- 6 || total
-------------------------+-------+-------++-------
Melee: Spear             |   186 |    78 ||   264
       Bite              |    11 |     9 ||    20
       Punch             |     2 |       ||     2
 Cast: Slow              |     2 |     1 ||     3
Armor: Ring mail         |    55 |    17 ||    72
Dodge: Dodged            |    97 |    24 ||   121
Block: Buckler           |       |    12 ||    12

Table legend: (Time is in decaauts)
 A = Elapsed time spent in this place.
 B = Non-inter-level travel time spent in this place.
 C = Inter-level travel time spent in this place.
 D = Time resting spent in this place.
 E = Time spent auto-exploring this place.
 F = Levels seen in this place.
 G = Mean time per level.
                   A        B        C        D        E       F      G
               +--------+--------+--------+--------+--------+-----+--------+
         Total |   1947 |   1889 |     58 |      0 |   1417 |   3 |  649.0 |
       Dungeon |   1947 |   1889 |     58 |      0 |   1417 |   3 |  649.0 |
               +--------+--------+--------+--------+--------+-----+--------+

Top non-repeatable levels by time:
     D:2: 1167 daAuts
     D:1: 770 daAuts
     D:3: 10 daAuts
